 Dungeon Crawl Stone Soup version 0.27-a0-1065-ge809cff456 (console) character file.

Game seed: 3534871311948436547

9483 nht the Grand Scion (level 11, -3/63 HPs)
             Began as a Demonspawn Artificer on Apr 23, 2021.
             Was a High Priest of Hepliaklqana.
             Slain by a skeletal warrior
             ... wielding a +0 mace
              (10 damage)
             ... on level 11 of the Dungeon.
             The game lasted 00:24:03 (11723 turns).

nht the Grand Scion (Demonspawn Artificer)         Turns: 11723, Time: 00:24:03

Health: -3/63      AC: 15    Str: 16 (18) XL:     11   Next: 23%
Magic:  20/20      EV: 15    Int: 20 (22) God:    Hepliaklqana [*****.]
Gold:   111        SH:  0    Dex: 13 (14) Spells: 10/10 levels left

rFire    + . .     SeeInvis .   D - +9 dagger "Runiroc" {freeze, rF+ rN+}
rCold    + . .     Faith    +   (no shield)
rNeg     + + .     Spirit   .   F - +3 ring mail "Uhietiage" {rC+ rN+}
rPois    .         Reflect  .   (no helmet)
rElec    .         Harm     .   b - +0 cloak "Gaicawya" {Will+}
rCorr    +         Rampage  .   (no gloves)
Will     +....                  B - +1 pair of boots
Stlth    +.........             r - amulet of faith
HPRegen  0.20/turn              g - +6 ring of intelligence
MPRegen  0.17/turn              H - +6 ring of strength

@: brilliant, studying Dodging
A: reduced essence, talons 2, yellow scales 3
a: Renounce Religion, Recall Ancestor, Ancestor Identity, Transference, Idealise


You were on level 11 of the Dungeon.
You worshipped Hepliaklqana.
Hepliaklqana was extremely pleased with you.
You visited 1 branch of the dungeon, and saw 11 of its levels.

You collected 404 gold pieces.
You spent 293 gold pieces at shops.

Inventory:

Hand Weapons
 a - a +1 club
 o - a +1 dagger of venom
 D - the +9 dagger "Runiroc" (weapon) {freeze, rF+ rN+}
   (You took it off an orc warrior on level 6 of the Dungeon)

   It has been specially enchanted to freeze those struck by it, causing extra
   injury to most foes and up to half again as much damage against particularly
   susceptible opponents.
   It can also slow down cold-blooded creatures.
   It protects you from fire.
   It protects you from negative energy.
 K - a +3 rapier
Missiles
 c - 34 boomerangs
 l - 41 poisoned darts
 s - 12 throwing nets
 w - 8 javelins
 y - 7 curare-tipped darts
Armour
 b - the +0 cloak "Gaicawya" (worn) {Will+}
   (You acquired it on level 2 of the Dungeon)

   It increases your willpower.
 B - a +1 pair of boots (worn)
 E - +0 acid dragon scales
 F - the +3 ring mail "Uhietiage" (worn) {rC+ rN+}
   (You found it on level 7 of the Dungeon)

   It protects you from cold.
   It protects you from negative energy.
 G - the +0 cloak of the Crypt {Int+4}
   (You found it on level 7 of the Dungeon)

   It affects your intelligence (+4).
Jewellery
 d - an amulet of magic regeneration
 g - a +6 ring of intelligence (left hand)
 r - an amulet of faith (around neck)
 z - a ring of resist corrosion
 H - a +6 ring of strength (right hand)
Wands
 k - a wand of polymorph (6)
 t - a wand of digging (5)
Scrolls
 j - 2 scrolls of teleportation
 p - 3 scrolls of blinking
 x - a scroll of fog
 A - 2 scrolls of enchant weapon
 J - 2 scrolls of enchant armour
Potions
 f - 4 potions of heal wounds
 h - 8 potions of curing
 i - a potion of cancellation
 m - 2 potions of mutation
 n - 4 potions of flight
 q - 4 potions of lignification
 u - 3 potions of haste
 C - a potion of resistance
Miscellaneous
 e - a piece from Xom's chessboard (inert) (quivered)
 I - a tin of tremorstones (inert)


   Skills:
 - Level 1.0 Fighting
 - Level 10.0 Short Blades
 - Level 1.7 Armour
 + Level 10.3 Dodging
 - Level 0.8 Stealth
 - Level 12.0 Invocations
 - Level 7.0 Evocations


You had 10 spell levels left.
You didn't know any spells.
Your spell library contained the following spells:

 Spells                   Type           Power      Damage    Failure   Level
 Apportation              Tloc           0%         N/A       34%         1
 Shock                    Conj/Air       0%         1d3       34%         1
 Sting                    Tmut/Pois      0%         1d3       34%         1
 Summon Small Mammal      Summ           0%         N/A       34%         1
 Blink                    Tloc           N/A        N/A       47%         2
 Cause Fear               Hex            0%         N/A       98%         4
 Iskenderun's Mystic Bla  Conj/Tloc      0%         2d3       98%         4
 Irradiate                Conj/Tmut      0%         3d13      100%        5
 Manifold Assault         Tloc           0%         N/A       100%        5
 Silence                  Hex/Air        0%         N/A       100%        5
 Yara's Violent Unravell  Hex/Tmut       0%         3d3       100%        5
 Blade Hands              Tmut           0%         N/A       100%        6
 Statue Form              Tmut/Erth      0%         N/A       100%        6
 Dragon Form              Tmut           0%         N/A       100%        7
 Discord                  Hex            0%         N/A       100%        8
 Disjunction              Tloc           0%         N/A       100%        8


Dungeon Overview and Level Annotations

Branches:
Dungeon (11/15)            Temple (0/1) D:5            Lair (0/6) D:9
    Orc: D:9-12

Altars:
Ashenzari
Cheibriados
Gozag
Hepliaklqana
Makhleb
Okawaru
Qazlal
Ru
Sif Muna
Trog
Uskayaw
Xom
Yredelemnul
The Shining One

Shops:
D:8 *!

Annotations:
D:3 1 runed translucent door
D:11 1 transporter


Innate Abilities, Weirdness & Mutations

Your life essence is reduced to manifest your ancestor. (-10% HP)
You have razor-sharp toenails.
You are completely covered in yellow scales. (AC +4, rCorr)


Message History

The burst of rock shards engulfs you but does no damage.
The burst of rock shards engulfs the skeletal warrior.
The burst of rock shards engulfs the green ugly thing!
You hear two shouts!
You hear a shout! x2
The green ugly thing closely misses you.
The tremorstone explodes into fragments!
The burst of rock shards engulfs the skeletal warrior but does no damage. x2
The burst of rock shards engulfs the green ugly thing!
You kill the green ugly thing!
The burst of rock shards engulfs the skeletal warrior but does no damage.
The burst of rock shards engulfs you but does no damage.
The tin is emptied!
Your Dodging skill increases to level 10!
Unknown command.
You puncture the skeletal warrior!
The skeletal warrior is almost destroyed.
The skeletal warrior hits you with a +0 mace!
* * * LOW HITPOINT WARNING * * *
You hit the skeletal warrior but do no damage.
The skeletal warrior is almost destroyed.
You hit the skeletal warrior but do no damage.
The skeletal warrior is almost destroyed.
The skeletal warrior hits you with a +0 mace!
* * * LOW HITPOINT WARNING * * *
You barely miss the skeletal warrior.
The skeletal warrior is severely damaged.
You hit the skeletal warrior.
The skeletal warrior is almost destroyed.
The skeletal warrior closely misses you.
You hit the skeletal warrior.
The skeletal warrior is almost destroyed.
You hit the skeletal warrior.
The skeletal warrior is almost destroyed.
The skeletal warrior hits you but does no damage.
You completely miss the skeletal warrior.
The skeletal warrior is almost destroyed.
You hit the skeletal warrior but do no damage.
The skeletal warrior is almost destroyed.
The skeletal warrior hits you with a +0 mace!
You die...

.... █.©o███. ..
█████... ....
......█ .....██+█
█.....█
.......@███.....█
........z.......█
..███████.......█
█....$..█
██.......█
█........█
█.......██
█.......█
█.......████+████


You could see a skeletal warrior.

Vanquished Creatures
  A two-headed ogre (D:7)
  An ugly thing (D:11)
  A vampire (D:7)
  A wraith (D:11)
  2 shadows
  2 wyverns
  A fire bat (D:9)
  Grum (D:8)
  A steam dragon (D:9)
  A water moccasin (D:5)
  2 sky beasts
  A black bear (D:4)
  An ice beast (D:7)
  An ogre (D:5)
  3 centaurs
  A phantom (D:5)
  2 kobold brigands
  3 bullfrogs
  A scorpion (D:6)
  5 killer bees
  4 wights (D:10)
  2 howler monkeys
  5 centaur zombies
  8 hounds
  A gnoll shaman (D:8)
  An orc priest (D:7)
  Jessica (D:2)
  4 orc wizards
  A hound skeleton (D:5)
  A howler monkey zombie (D:11)
  13 gnolls
  2 adders (D:2)
  An ufetubus (D:6)
  2 dart slugs
  A worm (D:3)
  17 orcs
  An endoplasm (D:3)
  2 giant cockroaches (D:1)
  8 goblins
  3 hobgoblins
  3 jackals (D:8)
  3 quokkas (D:3)
  7 ball pythons
  5 bats
  A frilled lizard (D:1)
  13 kobolds
  4 rats
146 creatures vanquished.

Vanquished Creatures (collateral kills)
  A two-headed ogre (D:7)
  A komodo dragon (D:9)
  An orc warrior (D:6)
  2 ice beasts
  Edmund (D:5)
  A black bear (D:7)
  2 necrophages
  An ogre (D:5)
  A phantom (D:4)
  2 kobold brigands
  A bullfrog (D:7)
  2 gnoll sergeants
  A scorpion (D:6)
  A wyvern skeleton (D:5)
  4 killer bees
  2 howler monkeys (D:8)
  2 centaur zombies
  7 hounds
  2 jellies
  3 orc priests
  2 centaur skeletons (D:7)
  2 iguanas (D:4)
  7 orc wizards
  Natasha (thrice) (D:2)
  A howler monkey zombie (D:9)
  9 gnolls
  3 adders
  A shadow imp (D:6)
  2 worms
  A dart slug (D:6)
  19 orcs
  A ball python (D:2)
  A giant cockroach (D:3)
  3 hobgoblins
  2 jackals (D:8)
  2 quokkas (D:3)
  8 kobolds
  A kobold zombie (D:3)
106 creatures vanquished.

Vanquished Creatures (others)
  Erica (D:9)
  A vampire (D:7)
  Menkaure (D:7)
  2 water moccasins (D:7)
  3 battlemagi
  9 plants (D:9)
17 creatures vanquished.

Grand Total: 269 creatures vanquished

Notes
Turn   | Place    | Note
-------+----------+-------------------------------------------
     0 | D:1      | nht the Demonspawn Artificer began the quest for the Orb.
     0 | D:1      | Reached XP level 1. HP: 15/15 MP: 1/1
   244 | D:1      | Gained mutation: You have sharp toenails. [demonic
                  | ancestry]
   244 | D:1      | Reached XP level 2. HP: 21/21 MP: 2/2
   586 | D:2      | Noticed Natasha
   592 | D:2      | Noticed a crimson imp
   595 | D:2      | Noticed a crimson imp
   698 | D:2      | Noticed Jessica
   714 | D:2      | Killed Jessica
   715 | D:2      | Gained mutation: You are partially covered in yellow
                  | scales. (AC +2) [demonic ancestry]
   715 | D:2      | Reached XP level 3. HP: 18/26 MP: 3/3
   972 | D:2      | Identified a scroll of acquirement
   981 | D:2      | Acquired the +0 cloak "Gaicawya" {Will+}
  1143 | D:3      | Found a faded altar of an unknown god.
  1149 | D:3      | Became a worshipper of Hepliaklqana the Forgotten
  1149 | D:3      | Reached * piety under Hepliaklqana
  1268 | D:3      | Gained mutation: You are mostly covered in yellow scales.
                  | (AC +3) [demonic ancestry]
  1268 | D:3      | Reached XP level 4. HP: 28/28 MP: 4/4
  1275 | D:3      | Reached skill level 5 in Evocations
  1901 | D:3      | Found a runed translucent door.
  1901 | D:3      | Noticed a human
  1911 | D:3      | Found a basalt altar of Yredelemnul.
  1987 | D:2      | Reached ** piety under Hepliaklqana
  1988 | D:2      | Remembered your ancestor Xiloxoch as a battlemage
  2072 | D:2      | Killed Natasha
  2073 | D:2      | Gained mutation: You have razor-sharp toenails. [demonic
                  | ancestry]
  2073 | D:2      | Reached XP level 5. HP: 33/33 MP: 5/5
  2421 | D:2      | Noticed Natasha
  2427 | D:2      | Killed Natasha
  2624 | D:2      | Noticed Natasha
  2633 | D:2      | Killed Natasha
  3023 | D:4      | Noticed a black bear
  3032 | D:4      | Killed a black bear
  3033 | D:4      | Reached skill level 2 in Invocations
  3033 | D:4      | Reached XP level 6. HP: 36/38 MP: 5/7
  3086 | D:4      | Reached skill level 3 in Invocations
  3319 | D:4      | Reached skill level 4 in Invocations
  3454 | D:4      | Reached XP level 7. HP: 33/43 MP: 10/10
  3456 | D:4      | Reached skill level 5 in Invocations
  3552 | D:4      | Found a hide-covered altar of Uskayaw.
  3866 | D:4      | Found a shimmering altar of Xom.
  3925 | D:5      | Entered Level 5 of the Dungeon
  3983 | D:5      | Reached skill level 6 in Invocations
  4291 | D:5      | Reached skill level 7 in Invocations
  4550 | D:5      | Reached skill level 8 in Invocations
  4569 | D:5      | Found a burning altar of Makhleb.
  4598 | D:5      | Found a staircase to the Ecumenical Temple.
  4611 | D:5      | Reached skill level 9 in Invocations
  4611 | D:5      | Gained mutation: You are completely covered in yellow
                  | scales. (AC +4, rCorr) [demonic ancestry]
  4611 | D:5      | Reached XP level 8. HP: 23/48 MP: 14/14
  5056 | D:5      | Noticed Edmund
  5071 | D:5      | Killed Edmund
  5072 | D:5      | Reached skill level 10 in Invocations
  5368 | D:6      | Reached *** piety under Hepliaklqana
  5551 | D:6      | Found a snail-covered altar of Cheibriados.
  5596 | D:6      | Reached skill level 11 in Invocations
  5894 | D:6      | Identified the +9 dagger "Runiroc" {freeze, rF+ rN+}
  5927 | D:6      | Reached skill level 12 in Invocations
  6297 | D:7      | Reached skill level 1 in Short Blades
  6373 | D:7      | Noticed Menkaure
  6386 | D:7      | Your ally died
  6388 | D:7      | Reached XP level 9. HP: 49/53 MP: 18/18
  6456 | D:7      | Found a broken altar of Ashenzari.
  6760 | D:7      | Reached skill level 5 in Short Blades
  7082 | D:7      | Noticed a two-headed ogre
  7082 | D:7      | Noticed a two-headed ogre
  7368 | D:7      | Reached **** piety under Hepliaklqana
  7569 | D:7      | Found an opulent altar of Gozag.
  7574 | D:7      | Found a stormy altar of Qazlal.
  8105 | D:7      | Killed a two-headed ogre
  8106 | D:7      | Reached XP level 10. HP: 57/58 MP: 19/19
  8413 | D:7      | Killed a two-headed ogre
  8430 | D:7      | Identified the Guide on Feathers and the Compass
  8432 | D:7      | Identified the +3 ring mail "Uhietiage" {rC+ rN+}
  8434 | D:7      | Identified the +0 cloak of the Crypt {Int+4}
  8755 | D:8      | Found Zuhumay's Distillery.
  8859 | D:8      | Bought a potion of curing for 36 gold pieces
  8859 | D:8      | Bought 2 potions of curing for 72 gold pieces
  8859 | D:8      | Bought 2 potions of heal wounds for 120 gold pieces
  8859 | D:8      | Bought a potion of curing for 36 gold pieces
  9077 | D:8      | Noticed Grum
  9084 | D:8      | Killed Grum
  9085 | D:8      | Reached skill level 10 in Short Blades
  9192 | D:8      | Found an iron altar of Okawaru.
  9251 | D:8      | Found a sacrificial altar of Ru.
  9329 | D:8      | Reached skill level 1 in Dodging
  9331 | D:8      | Found Medude's Assorted Antiques.
  9379 | D:8      | Bought a scroll labelled ORRIT KYLEETS for 29 gold pieces
  9831 | D:9      | Reached ***** piety under Hepliaklqana
  9936 | D:9      | Found a staircase to the Lair.
  9953 | D:9      | Reached skill level 5 in Dodging
 10009 | D:9      | Noticed Erica
 10011 | D:9      | Killed Erica
 10391 | D:9      | Reached XP level 11. HP: 33/63 MP: 20/20
 10727 | D:10     | Entered Level 10 of the Dungeon
 10786 | D:10     | Found a bloodstained altar of Trog.
 10939 | D:10     | Found a shimmering blue altar of Sif Muna.
 11635 | D:10     | Got Sif Muna's Guide on Creation
 11637 | D:10     | Got Sif Muna's Disquisition on Displacement
 11639 | D:10     | Got Sif Muna's Tome of Moulding
 11680 | D:11     | Noticed a skeletal warrior
 11680 | D:11     | Noticed a green ugly thing
 11680 | D:11     | Noticed a boulder beetle
 11705 | D:11     | Found a transporter.
 11714 | D:11     | Killed a green ugly thing
 11715 | D:11     | Reached skill level 10 in Dodging
 11723 | D:11     | Slain by a skeletal warrior

Illustrated notes

Levels and vault maps discovered:
D:1:      minmay_arrival_loop, layout_rooms
D:2:      layout_loops_ring, uniq_jessica, uniq_natasha
D:3:      layout_loops_corners, dk_yredelemnul_ordeal, gup_sewer_entry_pipe,
          shapermc_ecumenical_altar_notcrosses, minmay_misc_feat_cross
D:4:      layout_gridville, kennysheep_mini_moat, overflow_temple_1_default,
          minmay_misc_feat_plants, kennysheep_generic_room_9
D:5:      layout_loops_ring, nicolae_overflow_hidden_temple,
          minmay_temple_entry_arrows, supply_closet_lemuel, uniq_edmund
D:6:      layout_cave_pods, kennysheep_slug_shrine
D:7:      minmay_the_grid_triangle_9x9_rhombus_full
          [minmay_the_grid_triangle_9x9_flanged_cone,
          minmay_the_grid_triangle_9x9_windchime,
          minmay_the_grid_triangle_9x9_corrupted_corridor,
          minmay_the_grid_triangle_9x9_descending_squares,
          minmay_the_grid_triangle_9x9_checkered,
          minmay_the_grid_triangle_9x9_negative_grid,
          minmay_the_grid_triangle_9x9_odd_lines,
          minmay_the_grid_triangle_9x9_prize_insulated], layout_loops_ring,
          ashenzari_conservatory_becter, minitemple, eino_jars, uniq_menkaure
D:8:      layout_cave_pools, nicolae_overflow_crystal_walls, lemuel_tele_altar,
          serial_gnoll_camp, gnoll_camp_mini_shop, gnoll_camp_mini_doghouse,
          gnoll_camp_mini_shop, gnoll_camp_medium_01, grums_kennel,
          wad_floor_pattern_untrapped
D:9:      layout_roguey, david_lair_shrubbed, uniq_erica
D:10:     layout_loops_ring, trog_three_pillars_becter,
          nicolae_sif_muna_little_library
D:11:     cheibrodos_ideogram_h, layout_irregular_city,
          gammafunk_ghost_wrathful_warriors, uniq_josephine

Skill      XL: |  1  2  3  4  5  6  7  8  9 10 11 |
---------------+----------------------------------+-----
Evocations     | 4 5 6 7 |  7.0
Invocations    | 2 4 9 12 | 12.0
Short Blades   | 1 8 10 | 10.0
Dodging        | 8 10 | 10.3
Fighting       | |  1.0
Armour         | |  1.7
Stealth        | |  0.8

Action                   |  1- 3 |  4- 6 |  7- 9 | 10-12 || total
-------------------------+-------+-------+-------+-------++-------
Melee: Club              |    51 |    66 |       |       ||   117
       Kick              |    12 |    24 |    20 |       ||    56
       Dagger            |       |    34 |   184 |   271 ||   489
Invok: Ancestor Life: Ba |       |     1 |       |       ||     1
       Transference      |       |       |       |     2 ||     2
       Ancestor Identity |       |       |       |     1 ||     1
Evoke: Wand              |    15 |     2 |    30 |    25 ||    72
       Piece from Xom's  |    14 |    16 |    15 |     6 ||    51
       Tin of tremorston |       |       |       |     2 ||     2
  Use: Potion            |     1 |       |     2 |     3 ||     6
       Scroll            |     4 |     1 |    11 |     3 ||    19
 Stab: Sleeping          |     2 |     5 |     4 |       ||    11
       Confused          |     1 |       |     1 |       ||     2
       Distracted        |       |     2 |       |     5 ||     7
       Petrified         |       |       |     4 |     4 ||     8
       Paralysed         |       |       |     4 |       ||     4
       Petrifying        |       |       |       |     1 ||     1
Armor: Leather armour    |     2 |       |       |       ||     2
       Robe              |    11 |    41 |    55 |       ||   107
       Ring mail         |       |       |       |   109 ||   109
Dodge: Dodged            |    27 |    51 |    96 |   132 ||   306

Table legend: (Time is in decaauts)
 A = Elapsed time spent in this place.
 B = Non-inter-level travel time spent in this place.
 C = Inter-level travel time spent in this place.
 D = Time resting spent in this place.
 E = Time spent auto-exploring this place.
 F = Levels seen in this place.
 G = Mean time per level.
                   A        B        C        D        E       F      G
               +--------+--------+--------+--------+--------+-----+--------+
         Total |  11610 |  11102 |    508 |      4 |   9611 |  11 | 1055.5 |
       Dungeon |  11610 |  11102 |    508 |      4 |   9611 |  11 | 1055.5 |
               +--------+--------+--------+--------+--------+-----+--------+

Top non-repeatable levels by time:
     D:7: 2301 daAuts
     D:5: 1412 daAuts
     D:3: 1190 daAuts
     D:8: 1187 daAuts
     D:2: 1170 daAuts
     D:4: 935 daAuts
     D:6: 920 daAuts
    D:10: 905 daAuts
     D:9: 879 daAuts
     D:1: 671 daAuts
    D:11: 35 daAuts
